 Dungeon Crawl Stone Soup version 0.31-a0-949-g57150269e1 (webtiles) character file.

Game seed: 14061869485053136032

769 Fodor the Slasher (level 7, 0/61 HPs)
             Began as a Minotaur Fighter on Oct 21, 2023.
             Was an Initiate of Gozag.
             Killed by divine providence
             ... invoked by an orc priest
              (13 damage)
             ... on level 5 of the Dungeon.
             The game lasted 00:20:28 (4119 turns).

Fodor the Slasher (Minotaur Fighter)                Turns: 4119, Time: 00:20:29

Health: 0/61       AC:  0    Str: 20    XL:     7   Next: 52%
Magic:  6/6        EV: 19    Int:  5    God:    Gozag
Gold:   147        SH:  0    Dex: 15    Spells: 6/6 levels left

rFire   . . .        d - melded +0 flail
rCold   . . .        c - melded +0 buckler
rNeg    . . .        b - melded +0 scale mail
rPois   .            (helmet currently unavailable)
rElec   .            (cloak currently unavailable)
rCorr   .            g - melded +0 pair of gloves
SInv    .            (boots currently unavailable)
Will    .....        (no amulet)
Stlth   +            q - melded +6 ring of strength
HPRegen 0.30/turn    (ring currently unavailable)
MPRegen 0.10/turn

%: no passive effects
@: confused, lethally poisoned (0 -> -6), bat-form, flying, very quick
A: fast, flying, no casting, tiny, (horns 2), (retaliatory headbutt),
teleportitis 1, weak 1
a: Renounce Religion, Potion Petition, Call Merchant, Bribe Branch


You were on level 5 of the Dungeon.
You worshipped Gozag.
Gozag was aware of your devotion.
You were a bat.
You visited 1 branch of the dungeon, and saw 5 of its levels.
You also visited: Sewer.

You collected 199 gold pieces.
You paid 52 gold pieces to Gozag.

Inventory:

Hand Weapons
 d - a +0 flail (melded)
 l - a +0 orcbow
Missiles
 h - 4 atropa-tipped darts (quivered)
 n - 4 poisoned darts
 r - a throwing net
 y - 6 boomerangs
Armour
 b - a +0 scale mail (melded)
 c - a +0 buckler (melded)
 g - a +0 pair of gloves (melded)
Jewellery
 q - a +6 ring of strength (melded)
Talismans
 j - a beast talisman
Scrolls
 e - a scroll of immolation {unknown}
 f - a scroll of enchant armour {unknown}
 k - 2 scrolls of fog {unknown}
 m - a scroll of amnesia {unknown}
 o - a scroll of fear
 p - a scroll of teleportation {unknown}
 u - 2 scrolls of noise {unknown}
 v - a scroll of blinking {unknown}
 w - a scroll of vulnerability {unknown}
Potions
 a - a potion of might
 s - a potion of berserk rage {unknown}
 t - a potion of invisibility {unknown}
 x - a potion of heal wounds {unknown}
 z - a potion of lignification {unknown}
 A - a potion of haste {unknown}


   Skills:
 + Level 5.1 Fighting
 + Level 6.4 Long Blades
 + Level 1.5 Maces & Flails
 + Level 5.7 Armour
 + Level 2.5 Dodging
 + Level 1.0 Stealth
 + Level 4.3 Shields
 + Level 1.6 Shapeshifting


You had 6 spell levels left.
You didn't know any spells.
Your spell library contained the following spells:

 Spells                   Type           Power      Damage    Failure   Level
 Apportation              Tloc           0%         N/A       47%         1
 Necrotise                Necr           0%         1d4       47%         1
 Summon Small Mammal      Summ           0%         N/A       47%         1
 Frozen Ramparts          Ice            0%         1d1       85%         3
 Petrify                  Tmut/Erth      0%         N/A       99%         4
 Metabolic Englaciation   Hex/Ice        0%         N/A       100%        5


Dungeon Overview and Level Annotations

Branches:
Dungeon (5/15)              Sewer (visited)
 Temple: D:4-7

Altars:
Dithmenos
Gozag
Trog
Xom
Jiyva


Innate Abilities, Weirdness & Mutations

You are a bat.
You are tiny and dextrous.
You move quickly.
You are flying.
Your equipment is almost entirely melded.
You are incapable of wielding weapons or throwing items.
You cannot cast spells.
((You have a pair of horns on your head.))
((You reflexively headbutt those who attack you in melee.))
You are occasionally teleported next to monsters.
You are weak. (Str -2)


Message History

The phantom attacks as it pursues you! The phantom closely misses you.
You furiously retaliate!
You headbutt the phantom!
Unknown command.
The orc is no longer distracted by gold.
An orc comes into view. It is wielding a +0 club.
The phantom hits you but does no damage.
The water moccasin bites you!
You are poisoned.
The water moccasin poisons you!
You feel very sick.
The scorpion is no longer distracted by gold.
The orc is distracted by your dazzling golden aura.
An orc comes into view. It is wielding a +0 club.
The water moccasin attacks as it pursues you!
The water moccasin bites you!
You are more poisoned.
The water moccasin poisons you! The phantom hits you.
The phantom blinks!
You blink.
You feel very sick.
The orc shouts! x2
You feel very sick.
A magic dart appears from out of thin air!
The magic dart hits you but does no damage.
You feel very sick.
You feel very sick.
You feel sick. Mutagenic energy floods into your body!
Your transformation has ended.
Your +0 pair of gloves unmelds from your body.
You turn into a bat.
Your +0 flail melds into your body.
Your +0 pair of gloves melds into your body.
Your +0 buckler melds into your body.
Your +0 scale mail melds into your body.
Your +6 ring of strength melds into your body.
You feel weaker. The divine experience confuses you!
You are confused.
You feel sick.
The orc priest mumbles some strange prayers to Beogh against you.
Beogh smites you!
You die...
Your body crumbles into a pile of gold.

#...............#
#...............#
#.......S.......#
#.$$$....o.o....#
#$<$$...o.so....#
#......o.....o..#
#...........W...#
#...............#
#...........o.b.#
#####+####......+
#......# #......#
#......# #......#
#......# #.......


You could see a water moccasin, a phantom, a scorpion, an orc priest and 6 orcs.

Vanquished Creatures
  Grinder (D:3)
  An ogre (D:3)
  A black bear (D:4)
  10 jellies
  A howler monkey (D:5)
  An orc priest (D:3)
  Natasha (twice) (D:3)
  An iguana (D:4)
  An orc wizard (D:4)
  A hell rat (Sewer)
  4 adders
  3 river rats (Sewer)
  A white imp (D:3)
  A worm (D:3)
  3 dart slugs
  6 orcs
  2 endoplasms
  3 giant cockroaches
  5 hobgoblins
  4 jackals (D:5)
  3 quokkas
  8 ball pythons
  2 bats (D:1)
  3 frilled lizards
  4 goblins
  7 kobolds
  12 rats
91 creatures vanquished.

Vanquished Creatures (others)
  A jelly (D:4)
  Natasha (D:3)
  An endoplasm (D:4)
  2 orcs (D:4)
5 creatures vanquished.

Grand Total: 96 creatures vanquished

Notes
Turn   | Place    | Note
-------+----------+-------------------------------------------
     0 | D:1      | Fodor the Minotaur Fighter began the quest for the Orb.
     0 | D:1      | Reached XP level 1. HP: 19/19 MP: 0/0
   774 | D:1      | Reached XP level 2. HP: 27/27 MP: 1/1
  1327 | D:2      | Reached skill level 3 in Long Blades
  1327 | D:2      | Reached XP level 3. HP: 31/33 MP: 2/2
  1706 | D:3      | Found a shadowy altar of Dithmenos.
  1725 | D:3      | Noticed Grinder
  1737 | D:3      | Noticed Natasha
  1749 | D:3      | Killed Natasha
  1758 | D:3      | Paralysed by Grinder for 2 turns
  1764 | D:3      | Killed Grinder
  1765 | D:3      | Reached skill level 5 in Long Blades
  1765 | D:3      | Reached skill level 5 in Armour
  1765 | D:3      | Reached skill level 1 in Dodging
  1765 | D:3      | Reached XP level 4. HP: 32/41 MP: 3/3
  1765 | D:3      | Reached XP level 5. HP: 37/47 MP: 4/4
  1765 | D:3      | Reached XP level 6. HP: 41/53 MP: 5/5
  1916 | D:3      | Found a faded altar of an unknown god.
  1922 | D:3      | Reached skill level 1 in Shapeshifting
  1939 | D:3      | Prayed at the altar of an unknown god.
  1939 | D:3      | Became a worshipper of Jiyva Jurhanyv the Shapeless
  1939 | D:3      | Reached * piety under Jiyva
  1943 | D:3      | Found a glowing drain.
  1954 | Sewer    | Entered a sewer
  2289 | D:3      | Noticed Natasha
  2591 | D:3      | Found a bloodstained altar of Trog.
  2592 | D:3      | Reached ** piety under Jiyva
  2596 | D:3      | Identified the +3 dagger "Gytoleox" {pain, rF+ Str+5}
  2620 | D:3      | Killed Natasha
  2801 | D:3      | Killed Natasha
  2893 | D:4      | Found an opulent altar of Gozag.
  2899 | D:4      | Reached XP level 7. HP: 60/60 MP: 6/6
  2925 | D:4      | Fell from the grace of Jiyva
  2925 | D:4      | Became a worshipper of Gozag Ym Sagoz the Greedy
  2945 | D:4      | HP: 3/60 [acid[Jiyva] (3)]
  3117 | D:4      | Reached skill level 5 in Fighting
  3117 | D:4      | Reached skill level 6 in Long Blades
  3495 | D:4      | Found a shimmering altar of Xom.
  3513 | D:4      | Gained mutation: You are occasionally teleported next to
                  | monsters. [mutagenic glow]
  3676 | D:4      | Gained mutation: You are weak. (Str -2) [mutagenic glow]
  4087 | D:5      | Entered Level 5 of the Dungeon
  4103 | D:5      | Reached skill level 1 in Maces & Flails
  4106 | D:5      | Reached skill level 1 in Stealth
  4119 | D:5      | Killed from afar by an orc priest

Illustrated notes

Levels and vault maps discovered:
D:1:      wheals_arrival_linesprint, layout_loops_ring
D:2:      layout_basic, nicolae_twisty_statue_hallways
D:3:      layout_basic, old_standard_altar, bloody_trog, portal_sewer_entry_a,
          hellmonk_ecumenical_altar_pennies_from_heaven, uniq_grinder,
          uniq_natasha
D:4:      layout_gridville, brannock_xom_greatest_gift,
          mainiacjoe_overflow_catwalk, dreamdust_mushroom_princess
D:5:      layout_gridville, mainiacjoe_overflow_brackets,
          minmay_temple_entry_junction, minmay_stone_trees_medium,
          lemuel_flame_loot_1

Skill      XL: |  1  2  3  4  5  6  7 |
---------------+----------------------+-----
Armour         | 4 5 |  5.7
Fighting       | 4 5 |  5.1
Long Blades    | 3 5 6 |  6.4
Dodging        | 1 2 |  2.5
Shields        | 4 |  4.3
Shapeshifting  | 1 |  1.6
Maces & Flails | 1 |  1.5
Stealth        | 1 |  1.0

Action                     |  1- 3 |  4- 6 |  7- 9 || total
---------------------------+-------+-------+-------++-------
  Melee: Long sword        |    73 |   102 |    34 ||   209
         Headbutt          |    11 |    12 |    20 ||    43
         Flail             |       |       |    47 ||    47
    Use: Scroll            |       |     3 |       ||     3
         Potion            |       |       |     3 ||     3
 Armour: Scale mail        |    54 |    68 |    74 ||   196
         Skin              |       |       |     1 ||     1
  Dodge: Dodged            |    47 |    61 |    44 ||   152
  Block: Buckler           |    16 |    13 |    20 ||    49
   Form: Beast             |     1 |       |       ||     1

Table legend: (Time is in decaauts)
 A = Elapsed time spent in this place.
 B = Non-inter-level travel time spent in this place.
 C = Inter-level travel time spent in this place.
 D = Time resting spent in this place.
 E = Time spent auto-exploring this place.
 F = Levels seen in this place.
 G = Mean time per level.
                   A        B        C        D        E       F      G
               +--------+--------+--------+--------+--------+-----+--------+
         Total |   4207 |   4043 |    164 |    703 |      0 |   6 |  701.2 |
       Dungeon |   4066 |   3902 |    164 |    693 |      0 |   5 |  813.2 |
         Sewer |    140 |    140 |      0 |     10 |      0 |   1 |  140.0 |
               +--------+--------+--------+--------+--------+-----+--------+

Top non-repeatable levels by time:
     D:4: 1292 daAuts
     D:1: 1096 daAuts
     D:3: 1024 daAuts
     D:2: 614 daAuts
   Sewer: 140 daAuts
     D:5: 38 daAuts
